 Dungeon Crawl Stone Soup version 0.23.2-1-ga50397a (webtiles) character file.

Game seed: 677948750799256505

2420 goulibeur the Skirmisher (level 9, -7/118 HPs)
             Began as a Purple Draconian Berserker on May 20, 2019.
             Was an Elder of Trog.
             Killed by divine providence
             ... invoked by an orc priest
              (9 damage)
             ... on level 8 of the Dungeon.
             The game lasted 00:29:48 (7957 turns).

goulibeur the Skirmisher (DrBe)                     Turns: 7957, Time: 00:29:51

Health: -7/118     AC: 10    Str: 25    XL:     9   Next: 24%
Magic:  9/9        EV: 16    Int:  7    God:    Trog [****..]
Gold:   381        SH:  0    Dex: 18    Spells: 8/8 levels left

rFire    . . .     SeeInvis .   i - +0 flail
rCold    + . .     Gourm    .   (no shield)
rNeg     . . .     Faith    .   (armour unavailable)
rPois    .         Spirit   .   (helmet restricted)
rElec    .         Reflect  .   j - scarf {repulsion}
rCorr    .         Harm     .   (no gloves)
MR       +....                  m - +2 pair of boots
Stlth    ..........             (no amulet)
HPRegen  0.29/turn              o - +4 ring of dexterity
MPRegen  0.11/turn              p - ring of protection from cold

@: berserking (expiring), lethally poisoned (-7 -> -19), repel missiles, very
quick
A: breathe power, unfitting armour, cold-blooded, AC +7
a: Breathe Dispelling Energy, Berserk, Trog's Hand, Brothers in Arms, Renounce
Religion


You were on level 8 of the Dungeon.
You worshipped Trog.
Trog was greatly pleased with you.
You were near starving.

You visited 1 branch of the dungeon, and saw 8 of its levels.

You collected 381 gold pieces.

Inventory:

Hand Weapons
 i - a +0 flail (weapon)
Missiles
 t - 4 javelins
 x - 4 javelins of returning (quivered)
Armour
 j - a scarf of repulsion (worn)
 m - a +2 pair of boots (worn)
Jewellery
 e - an uncursed ring of protection from magic {unknown}
 k - a +2 ring of intelligence
 o - a +4 ring of dexterity (left hand)
 p - a ring of protection from cold (right hand)
 u - a cursed -3 ring of dexterity
 z - an uncursed amulet of the gourmand {unknown}
Wands
 s - a wand of flame (12)
 y - a wand of iceblast (4)
Scrolls
 h - 2 scrolls of remove curse
 q - 2 scrolls of enchant weapon
 r - a scroll of fog
 v - 5 scrolls of identify
 A - 2 scrolls of enchant armour
Potions
 a - a potion of curing
 c - 2 potions of brilliance
 d - a potion of agility {unknown}
 g - 3 potions of might
 l - a potion of magic {unknown}
 n - 2 potions of heal wounds
Comestibles
 b - 13 rations
 f - 6 chunks of flesh


   Skills:
 + Level 7.5 Fighting
 + Level 7.0 Maces & Flails
 + Level 5.5 Throwing
 + Level 6.2 Dodging


You had 8 spell levels left.
You didn't know any spells.
Your spell library was empty.

Dungeon Overview and Level Annotations

Branches:
Dungeon (8/15)             Temple (0/1) D:7
   Lair: D:8-11

Altars:
Gozag
Kikubaaqudgha
Makhleb
Qazlal
Ru
Trog
Wu Jian
Yredelemnul

Annotations:
D:3 3 runed translucent doors, teukkam's ghost, amateur MiFi
D:6 1 runed translucent door


Innate Abilities, Weirdness & Mutations

You can breathe bolts of dispelling energy.
Your rich purple scales are hard. (AC +7)
You cannot fit into any form of body armour.
You are cold-blooded and may be slowed by cold attacks.


Message History

Your ogre barely misses the killer bee.
The kobold hits you but does no damage.
The killer bee stings you but does no damage.
The killer bee misses you.
Unknown command.
You sock the killer bee!
You kill the killer bee!
Trog accepts your kill.
Your Maces & Flails skill increases to level 7!
* * * LOW HITPOINT WARNING * * *
You feel sick. The killer bee misses you. The killer bee completely misses you.
The crimson imp spits at you.
Your ogre hits the killer bee with a +0 giant club.
The kobold barely misses you.
You hit the crimson imp.
The crimson imp is moderately wounded.
* * * LOW HITPOINT WARNING * * *
You feel sick. The killer bee misses you. The killer bee closely misses you.
The orc priest mumbles some strange prayers to Beogh against you.
Beogh smites you!
You die...

##.##. #.).#.
.....c ....o{
###
.o..Ko###.###
...W.a#..#..##
#Ky###5.# #@##
##.# #5y###..#
#..O#...###
..........#
#.#.#.#.#.#
(.......#.#
..........#
..#..#..#..#
....#..#..#


You could see a centaur, a worker ant, 2 killer bees, an orc priest, a crimson
imp, an orc, 2 kobolds and a friendly ogre (berserk).

Vanquished Creatures
  A water moccasin (D:6)
  3 sky beasts
  3 ogres
  2 centaurs
  A big kobold (D:7)
  2 bullfrogs
  A wyvern skeleton (D:4)
  A scorpion (D:7)
  3 killer bees (D:8)
  3 howler monkeys (D:7)
  A crimson imp (D:8)
  A centaur zombie (D:7)
  A bullfrog zombie (D:5)
  3 hounds
  3 jellies (D:6)
  2 centaur skeletons
  2 orc priests (D:5)
  5 orc wizards
  5 iguanas
  6 worker ants
  14 adders
  An adder skeleton (D:7)
  3 worms
  3 dart slugs
  6 leopard geckos
  26 orcs
  6 bats
  6 giant cockroaches
  7 goblins
  3 hobgoblins
  7 jackals
  10 kobolds
  4 quokkas
  2 ball pythons
  A ball python skeleton (D:4)
  3 frilled lizards
  A giant cockroach zombie (D:5)
  2 jackal skeletons
  A quokka skeleton (D:8)
  9 rats
164 creatures vanquished.

Vanquished Creatures (collateral kills)
  A killer bee (D:8)
1 creature vanquished.

Grand Total: 165 creatures vanquished

Notes
Turn   | Place    | Note
-------+----------+-------------------------------------------
     0 | D:1      | goulibeur the Draconian Berserker began the quest for the
                  | Orb.
     0 | D:1      | Reached XP level 1. HP: 19/19 MP: 1/1
   270 | D:1      | Reached XP level 2. HP: 19/26 MP: 2/2
   722 | D:1      | Reached ** piety under Trog
  1013 | D:2      | Reached skill level 1 in Throwing
  1210 | D:2      | Reached XP level 3. HP: 18/33 MP: 3/3
  1527 | D:2      | Found a bloodstained altar of Trog.
  1847 | D:2      | Found a sacrificial altar of Ru.
  2034 | D:3      | You fall through a shaft for 2 floors!
  2034 | D:5      | Entered Level 5 of the Dungeon
  2266 | D:4      | Reached XP level 4. HP: 15/40 MP: 4/4
  2495 | D:4      | Reached XP level 5. HP: 28/47 MP: 5/5
  2615 | D:4      | Noticed an ogre
  2626 | D:4      | Killed an ogre
  2626 | D:4      | Reached XP level 6. HP: 14/53 MP: 6/6
  3343 | D:3      | You fall through a shaft for 3 floors!
  3346 | D:6      | Found a runed translucent door.
  3346 | D:6      | Noticed a human
  3357 | D:6      | Noticed a water moccasin
  3378 | D:6      | Killed a water moccasin
  3378 | D:6      | Reached skill level 5 in Fighting
  3758 | D:6      | Noticed a sky beast
  3823 | D:6      | Killed a sky beast
  3823 | D:6      | Your scales start taking on a rich purple colour.
  3823 | D:6      | Reached XP level 7. HP: 61/61 MP: 7/7
  4117 | D:5      | Reached skill level 5 in Maces & Flails
  4281 | D:4      | Reached *** piety under Trog
  5360 | D:3      | Found a runed translucent gate.
  5360 | D:3      | Found a runed translucent gate.
  5375 | D:3      | Found an opulent altar of Gozag.
  5377 | D:3      | Found a runed translucent gate.
  5377 | D:3      | Noticed teukkam's ghost (amateur MiFi)
  5571 | D:5      | Found a stormy altar of Qazlal.
  5837 | D:5      | Found an ancient bone altar of Kikubaaqudgha.
  5837 | D:5      | Found a burning altar of Makhleb.
  5838 | D:5      | Found an ornate altar of the Wu Jian Council.
  6043 | D:6      | Reached XP level 8. HP: 70/70 MP: 8/8
  6048 | D:6      | Reached skill level 5 in Dodging
  6211 | D:6      | Found a basalt altar of Yredelemnul.
  6800 | D:7      | Found a staircase to the Ecumenical Temple.
  6856 | D:7      | Received a gift from Trog
  7070 | D:7      | Reached skill level 5 in Throwing
  7507 | D:7      | Reached XP level 9. HP: 78/79 MP: 9/9
  7753 | D:8      | Reached **** piety under Trog
  7954 | D:8      | HP: 5/118 [killer bee (6)]
  7957 | D:8      | HP: 2/118 [poisoned by a killer bee]
  7957 | D:8      | Killed from afar by an orc priest

Skill      XL: |  1  2  3  4  5  6  7  8  9 |
---------------+----------------------------+-----
Throwing       | 1 2 3 4 5 |  5.5
Dodging        | 3 4 5 6 |  6.2
Fighting       | 4 5 6 7 |  7.5
Maces & Flails | 4 5 6 7 |  7.0

Action                   |  1- 3 |  4- 6 |  7- 9 || total
-------------------------+-------+-------+-------++-------
Melee: Mace              |   110 |    41 |       ||   151
       Tailslap          |     6 |    13 |    57 ||    76
       Flail             |       |    68 |   392 ||   460
Throw: Javelin           |       |       |    12 ||    12
Invok: Berserk           |       |     4 |     8 ||    12
       Trog's Hand       |       |     1 |       ||     1
       Brothers in Arms  |       |       |     1 ||     1
 Abil: Breathe Dispellin |       |       |     1 ||     1
  Use: Scroll            |     5 |       |    12 ||    17
 Stab: Sleeping          |       |     1 |     4 ||     5
  Eat: Chunk             |     4 |     8 |    18 ||    30
       Ration            |       |       |     1 ||     1
Armor: Skin              |    38 |    54 |   158 ||   250
Dodge: Dodged            |    71 |    82 |   394 ||   547
       Deflected         |       |       |     8 ||     8
